 Dungeon Crawl Stone Soup version 0.27-a0-1137-g3ef0f4ec91 (webtiles) character file.

Game seed: 15356758613111470034

81 kae the Slasher (level 4, -3/35 HPs)
             Began as a Demonspawn Abyssal Knight on May 6, 2021.
             Was a Follower of Lugonu.
             Killed by divine providence
             ... invoked by an orc priest
              (12 damage)
             ... on level 3 of the Dungeon.
             The game lasted 00:00:58 (2462 turns).

kae the Slasher (Demonspawn Abyssal Knight)         Turns: 2462, Time: 00:00:59

Health: -3/35      AC:  8    Str: 14    XL:     4   Next: 19%
Magic:  5/5        EV:  9    Int: 13    God:    Lugonu [*.....]
Gold:   39         SH:  3    Dex: 12    Spells: 3/3 levels left

rFire    . . .     SeeInvis .   a - +1 falchion
rCold    . . .     Faith    .   m - +0 buckler
rNeg     . . .     Spirit   .   c - +0 ring mail
rPois    .         Reflect  .   (no helmet)
rElec    .         Harm     .   e - +0 cloak
rCorr    .         Rampage  .   (no gloves)
Will     .....                  (no boots)
Stlth    +.........             (no amulet)
HPRegen  0.11/turn              (no ring)
MPRegen  0.09/turn              (no ring)

@: no status effects
A: talons 1, yellow scales 1
a: Renounce Religion, Depart the Abyss


You were on level 3 of the Dungeon.
You worshipped Lugonu.
Lugonu was aware of your devotion.
You visited 1 branch of the dungeon, and saw 3 of its levels.
You visited the Abyss 1 time.

You collected 39 gold pieces.

Inventory:

Hand Weapons
 a - a +1 falchion (weapon)
Armour
 c - a +0 ring mail (worn)
 e - a +0 cloak (worn)
 m - a +0 buckler (worn)
Jewellery
 b - a +6 ring of intelligence
Scrolls
 d - a scroll of magic mapping
 g - a scroll of acquirement {unknown}
 h - a scroll of amnesia {unknown}
 j - 2 scrolls of fear
 l - 2 scrolls of identify {unknown}
 n - a scroll of enchant armour {unknown}
Potions
 i - a potion of might {unknown}
 k - a potion of heal wounds {unknown}


   Skills:
 - Level 3.0 Fighting
 + Level 4.0 Long Blades
 - Level 1.7 Armour
 - Level 0.8 Dodging
 + Level 0.4 Shields
 - Level 2.4 Invocations


You had 3 spell levels left.
You didn't know any spells.
Your spell library contained the following spells:

 Spells                   Type           Power      Damage    Failure   Level
 Beastly Appendage        Tmut           0%         N/A       69%         1
 Wereblood                Tmut           0%         N/A       83%         2
 Spider Form              Tmut/Pois      0%         N/A       96%         3
 Ice Form                 Ice/Tmut       0%         N/A       100%        4
 Hydra Form               Tmut           0%         N/A       100%        5


Dungeon Overview and Level Annotations

Branches:
Dungeon (3/15)

Altars:


Innate Abilities, Weirdness & Mutations

You have sharp toenails.
You are partially covered in yellow scales. (AC +2)


Message History

There are monsters nearby!
You closely miss the orc. Your kick misses the orc.
The orc is moderately wounded.
The orc hits you with a +1 trident of protection.
You hit the orc but do no damage. You claw the orc.
The orc is severely wounded.
The orc barely misses you.
The orc hits you with a +1 trident of protection.
The orc priest calls down the wrath of Beogh upon you.
Pain shoots through your body!
There are monsters nearby!
You are too injured to fight recklessly!
You are too injured to fight recklessly!
There are monsters nearby!
You are too injured to fight recklessly!
You are too injured to fight recklessly!
You are too injured to fight recklessly!
You are too injured to fight recklessly!
It was a potion of curing.
You feel better. The orc barely misses you.
The orc hits you but does no damage. The orc priest completely misses you.
You riposte.
You closely miss the orc priest.
You hit the orc priest but do no damage.
You claw the orc priest, but do no damage.
The orc closely misses you. The orc barely misses you.
The orc priest closely misses you.
You riposte.
You hit the orc priest but do no damage.
Your kick misses the orc priest. You closely miss the orc priest.
The orc closely misses you.
The orc hits you with a +1 trident of protection.
The orc priest calls down the wrath of Beogh upon you.
Pain shoots through your body!
You hit the orc priest but do no damage.
You claw the orc priest, but do no damage.
The orc closely misses you. You block the orc's attack.
The orc priest hits you with a +0 mace!
* * * LOW HITPOINT WARNING * * *
The orc barely misses you.
The orc priest invokes the aid of Beogh against you.
Beogh smites you!
You die...

## ##.# ##..###
..... ##### #oo#
#...####@o#
#...#.....#
####.....###.# ##
#>.........#.#
...##.#.##.....(.#
......#.##.#######
#.......###8###8
###.##.......... #
###........


You could see an orc priest and 2 orcs.

Vanquished Creatures
  3 adders (D:2)
  A worm (D:2)
  A dart slug (D:2)
  4 orcs (D:3)
  4 ball pythons
  5 bats
  5 giant cockroaches
  3 hobgoblins (D:2)
  2 jackals (D:1)
  2 quokkas (D:2)
  4 frilled lizards
  3 goblins
  4 kobolds
  5 rats
46 creatures vanquished.

Notes
Turn   | Place    | Note
-------+----------+-------------------------------------------
     0 | Abyss:1  | kae the Demonspawn Abyssal Knight began the quest for the
                  | Orb.
     0 | Abyss:1  | Reached XP level 1. HP: 18/18 MP: 2/2
   100 | Abyss:1  | Noticed a sun demon
   105 | Abyss:1  | Noticed a tentacled starspawn
   107 | D:1      | Escaped the Abyss
   126 | D:1      | Noticed an iguana
   126 | D:1      | Noticed a tyrant leech
   126 | D:1      | Noticed an imperial myrmidon
   127 | D:1      | Noticed a fire giant
   148 | D:1      | Reached skill level 2 in Long Blades
   233 | D:1      | Gained mutation: You are partially covered in yellow
                  | scales. (AC +2) [demonic ancestry]
   233 | D:1      | Reached XP level 2. HP: 18/24 MP: 3/3
   310 | D:1      | Found a faded altar of an unknown god.
   491 | D:1      | Reached * piety under Lugonu
   718 | D:1      | Reached skill level 3 in Long Blades
  1179 | D:2      | Reached XP level 3. HP: 28/29 MP: 4/4
  2071 | D:2      | Gained mutation: You have sharp toenails. [demonic
                  | ancestry]
  2071 | D:2      | Reached XP level 4. HP: 26/35 MP: 5/5
  2271 | D:3      | Reached skill level 4 in Long Blades
  2462 | D:3      | Killed from afar by an orc priest

Illustrated notes

Levels and vault maps discovered:
D:1:      onia_arrival_zoo_common, layout_rooms, ebering_ecumenical_altar_box,
          serial_aquarium, aquarium_bridge_long_separate
          [aquarium_subvault_bridge, aquarium_subvault_bridge,
          aquarium_subvault_bridge, aquarium_subvault_bridge,
          aquarium_subvault_bridge, aquarium_subvault_window],
          aquarium_bridge_square [aquarium_subvault_bridge,
          aquarium_subvault_window, aquarium_subvault_wall,
          aquarium_subvault_balcony], aquarium_window_corner, aquarium_window_2,
          aquarium_view_2f, skrybe_limestone_x
D:2:      layout_basic, minivault_27
D:3:      layout_rooms, lemuel_doored_altar, lemuel_round_altar,
          corexii_hall_statues_x

Skill      XL: |  1  2  3  4 |
---------------+-------------+-----
Long Blades    | 2 3 4 |  4.0
Fighting       | |  3.0
Armour         | |  1.7
Dodging        | |  0.8
Shields        | |  0.4
Invocations    | |  2.4

Action                   |  1- 3 |  4- 6 || total
-------------------------+-------+-------++-------
Melee: Falchion          |    89 |    26 ||   115
       Kick              |       |     7 ||     7
Invok: Depart the Abyss  |     1 |       ||     1
  Use: Scroll            |     2 |       ||     2
       Potion            |       |     1 ||     1
Armor: Leather armour    |    24 |       ||    24
       Ring mail         |    18 |     4 ||    22
Dodge: Dodged            |    53 |    18 ||    71
Block: Buckler           |       |     2 ||     2
       Rpst.: Falchion   |    21 |     5 ||    26

Table legend: (Time is in decaauts)
 A = Elapsed time spent in this place.
 B = Non-inter-level travel time spent in this place.
 C = Inter-level travel time spent in this place.
 D = Time resting spent in this place.
 E = Time spent auto-exploring this place.
 F = Levels seen in this place.
 G = Mean time per level.
                   A        B        C        D        E       F      G
               +--------+--------+--------+--------+--------+-----+--------+
         Total |   2479 |   2329 |    150 |      0 |   2025 |   4 |  619.8 |
       Dungeon |   2372 |   2222 |    150 |      0 |   1925 |   3 |  790.7 |
         Abyss |    107 |    107 |      0 |      0 |    100 |   1 |  107.0 |
               +--------+--------+--------+--------+--------+-----+--------+

Top non-repeatable levels by time:
     D:2: 1313 daAuts
     D:1: 860 daAuts
     D:3: 198 daAuts
 Abyss:1: 107 daAuts
